 Dungeon Sprint DCSS version 0.30-a0-50-gb2d611f6b1 (webtiles) character file.

Game seed: 4346765760423627383

203 rocky1 the Basher (level 5, -2/75 HPs)
             Began as an Ogre Gladiator on Sept 5, 2022.
             Was a Follower of Okawaru.
             Killed by nerve-wracking pain
             ... invoked by Menkaure
              (10 damage)
             ... in the Dungeon (Sprint VII: "The Pits").
             The game lasted 00:02:10 (472 turns).

rocky1 the Basher (Ogre Gladiator)                   Turns: 472, Time: 00:02:11

Health: -2/75      AC:  3    Str: 20    XL:     5   Next: 81%
Magic:  5/5        EV: 10    Int:  9    God:    Okawaru [*.....]
Gold:   0          SH:  0    Dex: 10    Spells: 4/4 levels left

rFire   . . .      SeeInvis .    n - +1 flail (vorpal)
rCold   . . .      Faith    .    (no shield)
rNeg    . . .      Spirit   .    b - +0 robe
rPois   .          Reflect  .    c - +0 hat
rElec   .          Harm     .    (no cloak)
rCorr   .          Rampage  .    (gloves unavailable)
Will    .....      NoTele   +    (boots unavailable)
Stlth   ..........               (no amulet)
HPRegen 0.22/turn                (no ring)
MPRegen 0.09/turn                (no ring)

@: berserking (expiring), invisible, very quick
A: large, unfitting armour, tough skin 1
a: Renounce Religion, Heroism


You were in the Dungeon.
You worshipped Okawaru.
Okawaru was aware of your devotion.
You visited 1 branch

Inventory:

Hand Weapons
 n - a +1 vorpal flail (weapon)
Missiles
 d - a throwing net (quivered)
 e - a large rock
Armour
 b - a +0 robe (worn)
 c - a +0 hat (worn)
Scrolls
 k - a scroll of blinking
 m - 5 scrolls of amnesia
Potions
 f - 5 potions of curing
 g - 5 potions of heal wounds
 h - a potion of haste
 i - 4 potions of magic
 j - 2 potions of berserk rage
 l - a potion of invisibility


   Skills:
 - Level 2.6 Fighting
 + Level 10.9 Maces & Flails
 - Level 2.0 Throwing
 - Level 2.6 Dodging


You had 4 spell levels left.
You didn't know any spells.
Your spell library was empty.

Dungeon Overview and Level Annotations

Branches:
Dungeon (1/1)

Altars:
Ashenzari
Cheibriados
Dithmenos
Elyvilon
Fedhas
Gozag
Hepliaklqana
Kikubaaqudgha
Makhleb
Nemelex Xobeh
Okawaru
Qazlal
Ru
Sif Muna
Trog
Uskayaw
Vehumet
Wu Jian
Xom
Yredelemnul
Zin
The Shining One
Jiyva
Lugonu

Annotations:
D Menkaure


Innate Abilities, Weirdness & Mutations

You are too large for most types of armour.
You have tough skin. (AC +1)


Message History

The ogre convulses!
The warg convulses!
The bullfrog convulses!
Your body is wracked with pain!
An iron imp comes into view.
You closely miss the bullfrog.
The bullfrog is severely wounded.
The iron imp shouts!
The bullfrog misses you.
You barely miss the bullfrog.
The bullfrog is severely wounded.
The iron imp shouts!
The bullfrog hits you but does no damage.
You closely miss the bullfrog.
The bullfrog is severely wounded.
The bullfrog barely misses you.
You catch the helpless bullfrog completely off-guard!
You bludgeon the bullfrog!!
You kill the bullfrog!
Okawaru is honoured by your kill.
You can now gain great but temporary skills.
Your Maces & Flails skill increases to level 9!
You have reached level 5!
You sock the warg! Your punch misses the warg.
The warg is almost dead.
You sock the warg!
You kill the warg!
Okawaru is honoured by your kill.
Menkaure gestures at you while chanting.
Pain shoots through your body!
* * * LOW HITPOINT WARNING * * *
Your Maces & Flails skill increases to level 10!
Unknown command.
Menkaure hits you.
* * * LOW HITPOINT WARNING * * *
You see here a bullfrog corpse.
You barely miss Menkaure. You sock Menkaure!
Menkaure is moderately damaged.
Menkaure points at you and mumbles some strange words.
Pain shoots through your body!
You die...

#'#####'#####.....
#.#..#.รท#..##.....
#.#..'..'..#####'#
#.##)####+###.....
#.#.)......##.....
#.#........##.....
#.#####'#####...<.
#.#..[)))..##.....
#@#..[)))..##.....
#M###########.....
#O5...O.# ######
#.......# #...#...#
#..## h.# #... .#
#... # #....


You could see an ogre (unable to see you), Menkaure (fast) and an iron imp
(unable to see you).

Vanquished Creatures
  A warg (D)
  A bullfrog (D)
  A scorpion (D)
  An adder (D)
  A white imp (D)
  An ufetubus (D)
  An adder zombie (D)
  An orc (D)
  A giant cockroach (D)
  A kobold (D)
  A ball python (D)
  A ball python skeleton (D)
  A bat (D)
13 creatures vanquished.

Notes
Turn   | Place    | Note
-------+----------+-------------------------------------------
     0 | D        | rocky1 the Ogre Gladiator began the quest for the Orb.
     0 | D        | Reached XP level 1. HP: 22/22 MP: 1/1
    16 | D        | Reached skill level 4 in Maces & Flails
    20 | D        | Found a bloodstained altar of Trog.
    20 | D        | Found a shimmering blue altar of Sif Muna.
    20 | D        | Found a viscous altar of Jiyva.
    20 | D        | Found a hazy altar of Hepliaklqana.
    20 | D        | Found an opulent altar of Gozag.
    21 | D        | Found a glowing golden altar of the Shining One.
    21 | D        | Found a glowing silver altar of Zin.
    21 | D        | Found a basalt altar of Yredelemnul.
    21 | D        | Found a shimmering altar of Xom.
    21 | D        | Found an ornate altar of the Wu Jian Council.
    21 | D        | Found a sacrificial altar of Ru.
    21 | D        | Found a stormy altar of Qazlal.
    21 | D        | Found an iron altar of Okawaru.
    21 | D        | Found a sparkling altar of Nemelex Xobeh.
    21 | D        | Found a burning altar of Makhleb.
    21 | D        | Found a blossoming altar of Fedhas.
    21 | D        | Found a white marble altar of Elyvilon.
    21 | D        | Found a shadowy altar of Dithmenos.
    21 | D        | Found a snail-covered altar of Cheibriados.
    24 | D        | Found a corrupted altar of Lugonu.
    24 | D        | Found a radiant altar of Vehumet.
    25 | D        | Found an ancient bone altar of Kikubaaqudgha.
    25 | D        | Found a hide-covered altar of Uskayaw.
    25 | D        | Found a broken altar of Ashenzari.
    29 | D        | Became a worshipper of Warmaster Okawaru
    68 | D        | Reached XP level 2. HP: 28/29 MP: 2/2
    90 | D        | Reached skill level 5 in Maces & Flails
   180 | D        | Noticed a scorpion
   193 | D        | Killed a scorpion
   194 | D        | Reached skill level 8 in Maces & Flails
   194 | D        | Reached XP level 3. HP: 16/36 MP: 3/3
   194 | D        | Reached XP level 4. HP: 20/44 MP: 4/4
   454 | D        | Noticed an ogre
   454 | D        | Noticed a warg
   454 | D        | Noticed Menkaure
   454 | D        | Noticed a bullfrog
   467 | D        | Killed a bullfrog
   467 | D        | Reached * piety under Okawaru
   468 | D        | Reached skill level 9 in Maces & Flails
   468 | D        | Reached XP level 5. HP: 24/50 MP: 5/5
   469 | D        | Killed a warg
   470 | D        | Reached skill level 10 in Maces & Flails
   472 | D        | Killed from afar by Menkaure

Illustrated notes

Levels and vault maps discovered:
D:        pitsprint [storerooms_1, entrance_room_1, metal_vault_5, armoury_2,
          mini_pit_1, grid_room_1, main_hall_1, silver_pit, the_coven_2,
          the_vestibule_1, steel_vault_5, golden_pit, hallway_of_sentries,
          crystal_vault_2, iron_vault_4, final_vault]

Skill      XL: |  1  2  3  4  5 |
---------------+----------------+-----
Maces & Flails | 4 8 9 10 | 10.9
Fighting       | |  2.6
Throwing       | |  2.0
Dodging        | |  2.6

Action                   |  1- 3 |  4- 6 || total
-------------------------+-------+-------++-------
Melee: Flail             |    32 |    22 ||    54
Throw: Throwing net      |     3 |       ||     3
  Use: Potion            |     2 |     2 ||     4
 Stab: Invisible         |       |     1 ||     1
Armor: Robe              |    19 |     5 ||    24
Dodge: Dodged            |    35 |     8 ||    43

Table legend: (Time is in decaauts)
 A = Elapsed time spent in this place.
 B = Non-inter-level travel time spent in this place.
 C = Inter-level travel time spent in this place.
 D = Time resting spent in this place.
 E = Time spent auto-exploring this place.
 F = Levels seen in this place.
 G = Mean time per level.
                   A        B        C        D        E       F      G
               +--------+--------+--------+--------+--------+-----+--------+
         Total |    472 |    458 |     14 |    284 |      0 |   1 |  472.0 |
       Dungeon |    472 |    458 |     14 |    284 |      0 |   1 |  472.0 |
               +--------+--------+--------+--------+--------+-----+--------+

Top non-repeatable levels by time:
       D: 472 daAuts
